 Dungeon Crawl Stone Soup version 0.22.1-2-g9c5b331 (webtiles) character file.

1821 Gearfox the Cleaver (level 9, -1/81 HPs)
             Began as a Hill Orc Fighter on Dec 5, 2018.
             Was a Follower of Okawaru.
             Killed from afar by an orc wizard (16 damage)
             ... with a wand of flame (20)
             ... on level 7 of the Dungeon.
             The game lasted 00:28:05 (7153 turns).

Gearfox the Cleaver (Hill Orc Fighter)              Turns: 7153, Time: 00:28:06

Health: -1/81      AC: 12    Str: 22    XL:     9   Next: 10%
Magic:  10/10      EV:  9    Int:  8    God:    Okawaru [*.....]
Gold:   120        SH:  4    Dex: 10    Spells: 8/8 levels left

rFire    x . .     SeeInvis .   a - +1 war axe
rCold    + . .     Gourm    .   k - +0 buckler
rNeg     . . .     Faith    .   b - +0 scale mail
rPois    .         Spirit   .   n - +2 hat
rElec    .         Reflect  .   h - +1 cloak
rCorr    .         Harm     .   (no gloves)
MR       .....                  (no boots)
Stlth    ..........             (no amulet)
HPRegen  0.23/turn              g - ring of flight
MPRegen  0.12/turn              z - ring of ice

@: lethally poisoned (-1 -> -2)
A: no striking features
a: Heroism, Renounce Religion, Evoke Flight


You were on level 7 of the Dungeon.
You worshipped Okawaru.
Okawaru was aware of your devotion.
You were not hungry.

You visited 2 branches of the dungeon, and saw 8 of its levels.

You collected 290 gold pieces.
You spent 170 gold pieces at shops.

Inventory:

Hand Weapons
 a - a +1 war axe (weapon)
 s - a +0 flail of protection
Armour
 b - a +0 scale mail (worn)
 c - a +0 shield
 e - a +2 hat
 h - a +1 cloak (worn)
 k - a +0 buckler (worn)
 n - a +2 hat (worn)
 u - a +1 leather armour of positive energy
Jewellery
 g - a ring of flight (left hand)
 i - an uncursed ring of fire
 q - an uncursed ring of fire
 z - a ring of ice (right hand)
Wands
 y - a wand of flame (48)
 E - a wand of polymorph (11)
Scrolls
 l - 5 scrolls of teleportation
 r - a scroll of remove curse
 v - a scroll of fear
 w - a scroll of blinking
 x - 2 scrolls of magic mapping
 C - a scroll of vulnerability {unknown}
Potions
 d - a potion of might
 j - 5 potions of curing
 m - 3 potions of haste
 o - a potion of brilliance
 p - a potion of ambrosia
 t - 3 potions of agility
 A - 3 potions of heal wounds
 B - a potion of mutation {unknown}
Comestibles
 f - 12 rations


   Skills:
 - Level 8.0 Fighting
 * Level 8.7(9.1) Axes
 - Level 3.3(5.7) Maces & Flails
 - Level 7.1 Armour
 - Level 4.0 Shields
 - Level 2.2 Invocations
 * Level 1.7 Evocations


You had 8 spell levels left.
You didn't know any spells.
Your spell library contained the following spells:

 Spells                   Type           Power        Failure   Level  Hunger
 Beastly Appendage        Tmut           #.....       71%         1    ##.....
 Sticks to Snakes         Tmut           #.......     83%         2    ###....
 Spider Form              Tmut/Pois      #.........   97%         3    ####...
 Ice Form                 Ice/Tmut       #.......     100%        4    #####..
 Blade Hands              Tmut           #.........   100%        5    ######.


Dungeon Overview and Level Annotations

Branches:
Dungeon (7/15)             Temple (1/1) D:5

Altars:
Ashenzari
Cheibriados
Dithmenos
Elyvilon
Fedhas
Hepliaklqana
Kikubaaqudgha
Nemelex Xobeh
Okawaru
Qazlal
Ru
Sif Muna
Trog
Uskayaw
Xom
Yredelemnul
Zin
The Shining One

Shops:
D:4 !


Message History

* * * LOW HITPOINT WARNING * * *
Aiming: Polymorph
Press: ? - help, Shift-Dir - straight line, f/p - ogre
Aim: an ogre, wielding a giant club (heavily wounded, chance to defeat MR: 50%)
The ogre resists with significant effort.
You feel sick. You block the adder's attack. The ogre barely misses you.
An orc warrior comes into view. It is wielding a long sword.
You hear a zap.
A puff of flame appears from out of thin air!
The puff of flame hits you!
You hear some strange, mumbled words.
A puff of frost appears from out of thin air!
The puff of frost hits you! The adder completely misses you.
You feel sick.
The orc throws a stone.
You block the stone. The adder bites you.
* * * LOW HITPOINT WARNING * * *
You hear a zap.
A puff of flame appears from out of thin air!
The puff of flame hits you! The fire burns you terribly!
You die...

##......#..........# .#
##................#
##...............#
#######...........
#...........##...#
###....###.......#####.
##.####..............
#.## ##..............#
### ##.......@.......#
##.........S.......
####........(.........
#.#......###.Oo.......
#.......####..o.......
##.....###............
#....##.............#
##..##.....#.........#
##.##.....####........#


You could see an ogre, an adder and 2 orcs.

Vanquished Creatures
  2 black bears
  A sky beast (D:6)
  A phantom (D:4)
  An ogre (D:6)
  A centaur (D:6)
  4 bullfrogs
  A wyvern zombie (D:6)
  A scorpion (D:6)
  2 howler monkeys
  3 crimson imps
  A jelly (D:7)
  6 orc priests
  6 orc wizards
  2 iguanas
  4 worker ants
  A hound zombie (D:5)
  7 adders
  3 shadow imps
  4 oozes
  2 adder skeletons
  3 worms
  3 dart slugs
  2 leopard geckos
  16 orcs
  2 ball pythons
  5 bats (D:1)
  4 giant cockroaches
  6 goblins
  9 hobgoblins
  6 jackals
  14 kobolds
  3 quokkas (D:5)
  A ball python skeleton (D:4)
  4 frilled lizards
  A leopard gecko skeleton (D:3)
  2 leopard gecko zombies
  6 rats
  4 fungi (D:1)
144 creatures vanquished.

Notes
Turn   | Place    | Note
-------+----------+-------------------------------------------
     0 | D:1      | Gearfox the Hill Orc Fighter began the quest for the Orb.
     0 | D:1      | Reached XP level 1. HP: 19/19 MP: 1/1
    75 | D:1      | Reached XP level 2. HP: 25/26 MP: 2/2
   619 | D:1      | Reached XP level 3. HP: 27/31 MP: 3/3
  1509 | D:2      | Reached skill level 5 in Axes
  1509 | D:2      | Reached XP level 4. HP: 37/39 MP: 4/4
  1807 | D:2      | Found a glowing golden altar of the Shining One.
  1855 | D:2      | Found a shimmering altar of Xom.
  2653 | D:3      | Reached XP level 5. HP: 43/45 MP: 5/5
  3070 | D:4      | Reached skill level 1 in Maces & Flails
  3166 | D:4      | Noticed a phantom
  3489 | D:4      | Killed a phantom
  3489 | D:4      | Reached XP level 6. HP: 47/51 MP: 6/6
  3603 | D:4      | Found an iron altar of Okawaru.
  3683 | D:4      | Found Mumez's Distillery.
  3689 | D:4      | Bought a potion of heal wounds for 50 gold pieces
  3689 | D:4      | Bought a potion of curing for 30 gold pieces
  3689 | D:4      | Bought a potion of heal wounds for 50 gold pieces
  3689 | D:4      | Bought a potion of curing for 30 gold pieces
  3691 | D:4      | Bought a potion of degeneration for 10 gold pieces
  3874 | D:5      | Entered Level 5 of the Dungeon
  4001 | D:5      | Reached XP level 7. HP: 60/60 MP: 7/7
  4048 | D:5      | Reached skill level 5 in Fighting
  4276 | D:5      | Found a glowing silver altar of Zin.
  4296 | D:5      | Found a shattered altar of Ashenzari.
  4423 | D:5      | Found a staircase to the Ecumenical Temple.
  4435 | Temple   | Entered the Ecumenical Temple
  4450 | Temple   | Became a worshipper of Warmaster Okawaru
  5255 | D:6      | Reached skill level 5 in Armour
  5284 | D:6      | Reached XP level 8. HP: 40/73 MP: 8/8
  5646 | D:6      | Found a sparkling altar of Nemelex Xobeh.
  5646 | D:6      | Found a bloodstained altar of Trog.
  5782 | D:6      | Reached * piety under Okawaru
  6629 | D:7      | Reached skill level 1 in Evocations
  6650 | D:7      | Reached XP level 9. HP: 60/81 MP: 10/10
  7153 | D:7      | Killed from afar by an orc wizard

Skill      XL: |  1  2  3  4  5  6  7  8 |
---------------+-------------------------+-----
Axes           | 3 4 5 6 7 8 |  8.7
Shields        | 4 |  4.0
Maces & Flails | 3 |  3.3
Fighting       | 4 7 8 |  8.0
Armour         | 4 5 7 |  7.1
Invocations    | 2 |  2.2
Evocations     | 1 |  1.7

Action                   |  1- 3 |  4- 6 |  7- 9 || total
-------------------------+-------+-------+-------++-------
Melee: War axe           |   137 |   177 |   183 ||   497
       Flail             |       |     3 |       ||     3
Evoke: Wand              |       |       |     4 ||     4
  Use: Scroll            |     6 |    10 |     4 ||    20
       Potion            |       |       |     1 ||     1
  Eat: Chunk             |     2 |     5 |    10 ||    17
       Ration            |       |     1 |       ||     1
Armor: Scale mail        |   100 |    82 |    96 ||   278
Dodge: Dodged            |    78 |    93 |    78 ||   249
Block: Shield            |     2 |       |       ||     2
       Buckler           |    13 |    32 |    40 ||    85
